Inferno vs National (R1)

Created - 8 février 2015 at 21:49

Goals
1 2 3 T
Inferno 1 2 3 6
National 2 1 2 5
Shots
1 2 3 T
Inferno 6 12 13 31
National 19 15 9 43

1st period

1. Inferno , Alex Berry 7 (Cal O'Reilly, Brendan Mikkelson) at 9:28
2. National , Johannes Salmonsson 12 (Jonathan Matsumoto, Dustin Kohn) at 17:15
3. National , Rico Fata 31 (Matt Duchene, Dustin Kohn) at 17:27

Penalties :
Brian Boyle (Anc) for Boarding (Minor) at 11:43, Jonathan Ferland (Anc) for Hooking (Minor) at 17:30

2nd period

4. Inferno , Matt Kassian 7 (Cal O'Reilly, Josh Harding) at 1:10
5. National , Guillaume Desbiens 34 (Matt Duchene, William Colbert) at 7:37
6. Inferno , Jonathan Ferland 43 (Stephane Veilleux, Andrej Sekera) at 10:43

Penalties :
Brad Marchand (Anc) for Tripping (Minor) at 10:59, Magnus Paajarvi-Svensson (Que) for Slashing (Minor) at 14:07

3rd period

7. National , Guillaume Desbiens 35 (Matt Duchene, Rico Fata) at 3:43
8. Inferno , Stephane Veilleux 35 (Jonathan Ferland, Colin Wilson) at 5:05
9. Inferno , Brad Marchand 28 (Stephane Veilleux, Colin Wilson) at 5:36
10. National , William Colbert 2 (Pasi Salonen, Mikael Backlund) at 14:52
11. Inferno , Stephane Veilleux 36 (Vladimir Zharkov, Travis Hamonic) at 18:10 (PP)

Penalties :
Stephane Veilleux (Anc) for Hooking (Minor) at 15:09, Denis Bodrov (Que) for Hooking (Minor) at 16:27, Denis Bodrov (Que) for Hooking (Minor) at 18:33

Goalie Stats

Josh Harding (Anc), 38 saves from 43 shots - (0,884), W, 26-12-3, 60:00 minutes
Tyler Plante (Que), 25 saves from 31 shots - (0,806), L, 9-8-0, 60:00 minutes

Players Stats for Inferno

Player Name              G  A  P  +/- PIM S  H  SB GA TA FO     MP     PP MP  PK MP  
------------------------------------------------------------------------------------
Alex Berry               1  0  1   1  0   2  1  0  0  0  0/0     6:51   0:00   0:00 
Andrej Sekera            0  1  1  -1  0   3  2  3  0  2  0/0    29:31   2:15   3:54 
Brad Marchand            1  0  1  -1  2   4  2  1  1  0  0/0    18:46   2:04   3:10 
Brendan Mikkelson        0  1  1   1  0   1  3  1  0  1  0/0    25:20   2:15   3:21 
Brian Boyle              0  0  0   1  2   1  1  1  2  0  4/6    15:16   1:02   2:34 
Cal O'Reilly             0  2  2   1  0   0  0  0  1  0  2/5    10:38   0:00   3:27 
Colin Wilson             0  2  2  -1  0   2  1  0  1  0  16/33  19:56   2:04   0:41 
David Savard             0  0  0   0  0   2  3  3  0  0  0/0    19:01   2:12   0:00 
David Ullstrom           0  0  0   1  0   1  2  1  0  0  0/1    11:05   0:00   0:00 
Jonathan Ferland         1  1  2  -1  2   4  0  1  1  1  0/1    19:51   2:04   0:47 
Mark Mitera              0  0  0   2  0   0  0  1  0  0  0/0    14:18   0:17   2:59 
Matt Kassian             1  0  1   1  0   3  0  0  0  0  1/1     7:55   0:00   0:39 
Pavel Vorobiev           0  0  0  -1  0   0  1  0  2  0  1/1    13:36   1:21   0:00 
Stephane Veilleux        2  2  4  -1  2   4  6  0  1  0  1/1    20:05   2:23   1:30 
Travis Hamonic           0  1  1   0  0   0  0  2  0  1  0/0    25:32   1:55   4:16 
Vladimir Sobotka         0  0  0  -1  0   3  2  1  0  0  8/12   15:52   1:21   1:42 
Vladimir Zharkov         0  1  1   1  0   1  1  0  0  0  1/1    12:09   1:02   0:00 
Yannick Weber            0  0  0  -2  0   0  1  1  0  0  0/0     6:18   0:00   0:00 

Players Stats for National

Player Name              G  A  P  +/- PIM S  H  SB GA TA FO     MP     PP MP  PK MP  
------------------------------------------------------------------------------------
David Desharnais         0  0  0  -1  0   2  2  0  0  0  1/3     7:24   0:03   0:03 
Denis Bodrov             0  0  0  -3  4   0  0  0  0  1  0/0    19:56   3:05   0:49 
Dustin Kohn              0  2  2   2  0   6  1  1  2  4  0/0    28:05   4:09   2:37 
Erik Gustafsson          0  0  0   1  0   1  0  1  0  0  0/0    10:49   0:00   0:00 
Guillaume Desbiens       2  0  2   3  0   8  3  1  0  1  1/1    20:37   4:17   0:00 
Igor Makarov             0  0  0  -1  0   1  0  0  0  0  0/0     7:18   0:00   0:00 
Ivan Vishnevski          0  0  0   1  0   0  0  1  0  0  0/0    10:59   0:00   0:03 
Johannes Salmonsson      1  0  1  -1  0   3  1  1  0  1  0/0    12:10   0:00   0:32 
Jonathan Cheechoo        0  0  0  -1  0   4  1  0  0  0  0/0    17:02   2:55   1:45 
Jonathan Matsumoto       0  1  1  -1  0   1  1  0  0  0  2/6    11:38   0:00   0:00 
Magnus Paajarvi-Svensson 0  0  0  -1  2   1  0  0  0  0  0/0     7:20   0:03   0:00 
Matt Duchene             0  3  3   3  0   3  2  0  1  0  18/37  22:48   4:17   2:10 
Mikael Backlund          0  1  1  -1  0   1  1  0  2  1  6/14   17:41   2:55   1:45 
Pasi Salonen             0  1  1  -1  0   2  1  1  0  0  0/0    18:06   2:55   2:10 
Pat Dwyer                0  0  0  -1  0   2  0  2  0  0  0/1    12:10   0:03   0:29 
Rico Fata                1  1  2   3  0   7  1  1  0  0  0/0    20:37   4:17   0:00 
Ty Wishart               0  0  0  -3  0   0  1  1  0  1  0/0    21:33   3:06   2:17 
William Colbert          1  1  2   2  0   1  3  4  0  0  0/0    28:36   4:09   3:08 

3 Stars

1 - Guillaume Desbiens (Que)
2 - Stephane Veilleux (Anc)
3 - William Colbert (Que)

Power Play

Inferno - 1 on 3 Attempt(s) - 33,33%
National - 0 on 4 Attempt(s) - 0,00%

Penalty Kill

Inferno - 4 on 4 Attempt(s) - 100,00% - Score 0 goal in Penalty Kill
National - 2 on 3 Attempt(s) - 66,67% - Score 0 goal in Penalty Kill

Team Stat

Inferno - Hits : 26 - Faceoff Wins : 34 - Blocked Shots : 16 - Penalty Minutes : 8
National - Hits : 18 - Faceoff Wins : 28 - Blocked Shots : 14 - Penalty Minutes : 6

Official

Referees : Banfield David and Hebert Ghislain
Linesman : Brad Lazarowich and Michel Cormier

Game Notes

17:15 of 1st period - National goal is going for a video replay. After video review, Goal.
Yannick Weber is injured at 4:13 of 2nd period (Back)
3:43 of 3rd period - National goal is going for a video replay. After video review, Goal.

Finance

Level 1 -- Attendance: 1476 (73,80%) -- Ticket Income 36 900 $
Level 2 -- Attendance: 698 (69,80%) -- Ticket Income 10 470 $
Total Attendance: 2174 (72,47%)
Total Ticket Income: 47 370 $
Other Income: 2 368 $
Total Income: 49 738 $

Inferno

5 vs 5 Forward 
   Center                   Left Wing                Right Wing               Time % Phy DF OF 
 1 Colin Wilson             Stephane Veilleux        Jonathan Ferland         40     1   2  2  
 2 Vladimir Sobotka         Brad Marchand            Pavel Vorobiev           30     1   2  2  
 3 Brian Boyle              David Ullstrom           Vladimir Zharkov         20     1   2  2  
 4 Cal O'Reilly             Matt Kassian             Alex Berry               10     1   2  2  

5 vs 5 Defense 
   Defense                  Defense                                           Time % Phy DF OF 
 1 Andrej Sekera            Yannick Weber                                     40     1   2  2  
 2 David Savard             Travis Hamonic                                    30     1   2  2  
 3 Brendan Mikkelson        Mark Mitera                                       20     1   2  2  
 4 Andrej Sekera            Travis Hamonic                                    10     1   2  2  

PowerPlay Forward 
   Center                   Left Wing                Right Wing               Time % Phy DF OF 
 1 Colin Wilson             Brad Marchand            Jonathan Ferland         60     1   2  2  
 2 Vladimir Sobotka         Stephane Veilleux        Pavel Vorobiev           40     1   2  2  

PowerPlay Defense
   Defense                  Defense                                           Time % Phy DF OF 
 1 Andrej Sekera            Yannick Weber                                     60     1   2  2  
 2 David Savard             Travis Hamonic                                    40     1   2  2  

Penalty Kill 4 Players Forward 
   Center                   Wing                     Time % Phy DF OF 
 1 Brian Boyle              Brad Marchand            60     1   2  2  
 2 Vladimir Sobotka         Jonathan Ferland         40     1   2  2  

Penalty Kill 4 Players Defense
   Defense                  Defense                  Time % Phy DF OF 
 1 Andrej Sekera            Travis Hamonic           60     1   2  2  
 2 Brendan Mikkelson        Mark Mitera              40     1   2  2  

Penalty Kill - 3 Players Forward 
   Forward                                           Time % Phy DF OF 
 1 Stephane Veilleux                                 60     1   2  2  
 2 Brad Marchand                                     40     1   2  2  

Penalty Kill - 3 Players Defense
   Defense                  Defense                  Time % Phy DF OF 
 1 Andrej Sekera            Travis Hamonic           60     1   2  2  
 2 Brendan Mikkelson        Mark Mitera              40     1   2  2  

4 vs 4 Forward 
   Center                   Wing                     Time % Phy DF OF 
 1 Colin Wilson             Brad Marchand            60     1   2  2  
 2 Vladimir Sobotka         Jonathan Ferland         40     1   2  2  

4 vs 4 Defense
   Defense                  Defense                  Time % Phy DF OF 
 1 Andrej Sekera            Yannick Weber            60     1   2  2  
 2 David Savard             Travis Hamonic           40     1   2  2  

Last Minutes Offensive
   Center                   Left Wing                Right Wing               Defense                  Defense                  
   Colin Wilson             Stephane Veilleux        Jonathan Ferland         Andrej Sekera            Yannick Weber            

Last Minutes Defensive
   Center                   Left Wing                Right Wing               Defense                  Defense                  
   Colin Wilson             Stephane Veilleux        Jonathan Ferland         Andrej Sekera            Travis Hamonic           

Goaltenders
Starting : Josh Harding             
Backup : Jonathan Boutin          

Extra Forwards
Normal : Brian Boyle, Vladimir Zharkov, Cal O'Reilly - PP : Brian Boyle, Vladimir Zharkov - PK : Cal O'Reilly
Extra Defensemen
Normal : Brendan Mikkelson, David Savard, Mark Mitera - PP : Brendan Mikkelson - PK : Brendan Mikkelson, Mark Mitera
Penalty Shots
Stephane Veilleux, Brad Marchand, Colin Wilson, Jonathan Ferland, Pavel Vorobiev

National

5 vs 5 Forward 
   Center                   Left Wing                Right Wing               Time % Phy DF OF 
 1 Matt Duchene             Rico Fata                Guillaume Desbiens       40     0   2  3  
 2 Mikael Backlund          Pasi Salonen             Jonathan Cheechoo        30     0   2  3  
 3 Jonathan Matsumoto       Johannes Salmonsson      Pat Dwyer                20     1   3  1  
 4 David Desharnais         Magnus Paajarvi-Svensson Igor Makarov             10     0   2  3  

5 vs 5 Defense 
   Defense                  Defense                                           Time % Phy DF OF 
 1 William Colbert          Dustin Kohn                                       40     1   2  2  
 2 Denis Bodrov             Ty Wishart                                        30     1   2  2  
 3 Ivan Vishnevski          Erik Gustafsson                                   20     1   2  2  
 4 William Colbert          Dustin Kohn                                       10     1   2  2  

PowerPlay Forward 
   Center                   Left Wing                Right Wing               Time % Phy DF OF 
 1 Matt Duchene             Rico Fata                Guillaume Desbiens       60     0   1  4  
 2 Mikael Backlund          Pasi Salonen             Jonathan Cheechoo        40     0   1  4  

PowerPlay Defense
   Defense                  Defense                                           Time % Phy DF OF 
 1 William Colbert          Dustin Kohn                                       60     0   2  3  
 2 Denis Bodrov             Ty Wishart                                        40     0   2  3  

Penalty Kill 4 Players Forward 
   Center                   Wing                     Time % Phy DF OF 
 1 Matt Duchene             Pasi Salonen             60     0   4  1  
 2 Mikael Backlund          Jonathan Cheechoo        40     0   4  1  

Penalty Kill 4 Players Defense
   Defense                  Defense                  Time % Phy DF OF 
 1 William Colbert          Dustin Kohn              60     0   4  1  
 2 Denis Bodrov             Ty Wishart               40     0   4  1  

Penalty Kill - 3 Players Forward 
   Forward                                           Time % Phy DF OF 
 1 Matt Duchene                                      60     0   4  1  
 2 Mikael Backlund                                   40     0   4  1  

Penalty Kill - 3 Players Defense
   Defense                  Defense                  Time % Phy DF OF 
 1 William Colbert          Dustin Kohn              60     0   4  1  
 2 Denis Bodrov             Ty Wishart               40     0   4  1  

4 vs 4 Forward 
   Center                   Wing                     Time % Phy DF OF 
 1 Matt Duchene             Pasi Salonen             60     0   2  3  
 2 Mikael Backlund          Jonathan Cheechoo        40     0   2  3  

4 vs 4 Defense
   Defense                  Defense                  Time % Phy DF OF 
 1 William Colbert          Dustin Kohn              60     1   2  2  
 2 Denis Bodrov             Ty Wishart               40     1   2  2  

Last Minutes Offensive
   Center                   Left Wing                Right Wing               Defense                  Defense                  
   Matt Duchene             Rico Fata                Guillaume Desbiens       William Colbert          Dustin Kohn              

Last Minutes Defensive
   Center                   Left Wing                Right Wing               Defense                  Defense                  
   Matt Duchene             Rico Fata                Guillaume Desbiens       William Colbert          Dustin Kohn              

Goaltenders
Starting : Tyler Plante             
Backup : Keith Kinkaid            

Extra Forwards
Normal : Mikael Backlund, Matt Duchene, Pat Dwyer - PP : Mikael Backlund, Matt Duchene - PK : Pat Dwyer
Extra Defensemen
Normal : Ty Wishart, William Colbert, Dustin Kohn - PP : Ty Wishart - PK : William Colbert, Dustin Kohn
Penalty Shots
Matt Duchene, Pasi Salonen, Guillaume Desbiens, Jonathan Matsumoto, Mikael Backlund

% Time on Ice - Inferno

Lines # - Real PCT - Wanted PCT - Time Play
Normal Forward
1 - 35% - 40% - 16:52
2 - 27% - 30% - 12:49
3 - 23% - 20% - 11:05
4 - 14% - 10% - 6:51
Normal Defense
1 - 44% - 40% - 20:54
2 - 32% - 30% - 15:06
3 - 19% - 20% - 8:58
4 - 6% - 10% - 2:39
PP Forward
1 - 70% - 60% - 3:06
2 - 30% - 40% - 1:21
PP Defense
1 - 57% - 60% - 2:32
2 - 43% - 40% - 1:55
PK Forward
1 - 77% - 60% - 5:33
2 - 23% - 40% - 1:42
PK Defense
1 - 59% - 60% - 4:16
2 - 41% - 40% - 2:59
PK3 Forward
1 - 0% - 60%
2 - 0% - 40%
PK3 Defense
1 - 0% - 60%
2 - 0% - 40%
44 Forward
1 - 100% - 60% - 0:41
2 - 0% - 40% - 0:00
44 Defense
1 - 88% - 60% - 0:36
2 - 12% - 40% - 0:05
Last Minute Offensive  - 0:00
Last Minute Defensive  - 0:00
Total
Forward - 60:00
Defense - 60:00

% Time on Ice - National

Lines # - Real PCT - Wanted PCT - Time Play
Normal Forward
1 - 34% - 40% - 16:20
2 - 26% - 30% - 12:21
3 - 24% - 20% - 11:38
4 - 15% - 10% - 7:18
Normal Defense
1 - 39% - 40% - 18:23
2 - 34% - 30% - 16:03
3 - 23% - 20% - 10:49
4 - 5% - 10% - 2:22
PP Forward
1 - 59% - 60% - 4:17
2 - 41% - 40% - 2:58
PP Defense
1 - 57% - 60% - 4:09
2 - 43% - 40% - 3:06
PK Forward
1 - 61% - 60% - 2:42
2 - 39% - 40% - 1:45
PK Defense
1 - 50% - 60% - 2:13
2 - 50% - 40% - 2:14
PK3 Forward
1 - 0% - 60%
2 - 0% - 40%
PK3 Defense
1 - 0% - 60%
2 - 0% - 40%
44 Forward
1 - 98% - 60% - 0:40
2 - 2% - 40% - 0:01
44 Defense
1 - 100% - 60% - 0:41
2 - 0% - 40% - 0:00
Last Minute Offensive  - 0:00
Last Minute Defensive  - 0:00
Total
Forward - 60:00
Defense - 60:00

Play by Play

1st period


0:01 of 1st period - Colin Wilson wins face-off versus Matt Duchene in neutral zone.
0:31 of 1st period - Slapshot by Pasi Salonen.
0:31 of 1st period - Shot Misses the Net.
0:46 of 1st period - Off-side.
0:47 of 1st period - Brian Boyle wins face-off versus Pat Dwyer in neutral zone.
0:56 of 1st period - Pat Dwyer is hit by Vladimir Zharkov and loses puck.
1:01 of 1st period - Snap shot by Brian Boyle.
1:01 of 1st period - Shot Blocked by Ty Wishart.
1:03 of 1st period - Wrist shot by Brendan Mikkelson.
1:03 of 1st period - Deflect By Vladimir Zharkov.
1:03 of 1st period - Stopped by Tyler Plante with a rebound.
1:25 of 1st period - Wrist shot by Matt Duchene.
1:25 of 1st period - Stopped by Josh Harding with a rebound.
1:35 of 1st period - David Desharnais is hit by Brendan Mikkelson and loses puck.
2:31 of 1st period - Off-side.
2:32 of 1st period - Colin Wilson wins face-off versus Jonathan Matsumoto in neutral zone.
2:46 of 1st period - Wrist shot by Jonathan Ferland.
2:46 of 1st period - Shot Blocked by William Colbert.
2:48 of 1st period - Wrist shot by Stephane Veilleux.
2:48 of 1st period - Shot Misses the Net.
2:58 of 1st period - Dustin Kohn is hit by David Savard and loses puck.
3:19 of 1st period - Ty Wishart is hit by Alex Berry and loses puck.
4:09 of 1st period - Colin Wilson is hit by William Colbert and loses puck.
4:42 of 1st period - Wrist shot by Jonathan Cheechoo.
4:42 of 1st period - Stopped by Josh Harding without a rebound.
4:43 of 1st period - Vladimir Zharkov wins face-off versus Mikael Backlund in Inferno zone.
5:06 of 1st period - Slapshot by Vladimir Zharkov.
5:06 of 1st period - Shot Blocked by William Colbert.
5:32 of 1st period - Ty Wishart is hit by Stephane Veilleux and loses puck.
5:47 of 1st period - Pat Dwyer is hit by Yannick Weber and loses puck.
6:21 of 1st period - Snap shot by Guillaume Desbiens.
6:21 of 1st period - Shot Misses the Net.
6:23 of 1st period - Wrist shot by Rico Fata.
6:23 of 1st period - Stopped by Josh Harding with a rebound.
6:25 of 1st period - Slapshot by Rico Fata.
6:25 of 1st period - Deflect By Matt Duchene.
6:25 of 1st period - Shot Misses the Net.
6:25 of 1st period - Puck is out of play.
6:26 of 1st period - Colin Wilson wins face-off versus Mikael Backlund in Inferno zone.
6:51 of 1st period - Guillaume Desbiens is hit by Brad Marchand and loses puck.
7:59 of 1st period - Snap shot by Stephane Veilleux.
7:59 of 1st period - Stopped by Tyler Plante without a rebound.
8:00 of 1st period - Colin Wilson wins face-off versus Matt Duchene in National zone.
8:15 of 1st period - Snap shot by Stephane Veilleux.
8:15 of 1st period - Shot Misses the Net.
8:17 of 1st period - Backhand shot by Jonathan Ferland.
8:17 of 1st period - Deflect By Colin Wilson.
8:17 of 1st period - Stopped by Tyler Plante without a rebound.
8:18 of 1st period - Vladimir Sobotka wins face-off versus Mikael Backlund in National zone.
8:23 of 1st period - Snap shot by Vladimir Sobotka.
8:23 of 1st period - Stopped by Tyler Plante with a rebound.
8:25 of 1st period - Snap shot by Brad Marchand.
8:25 of 1st period - Shot Blocked by Dustin Kohn.
8:43 of 1st period - Travis Hamonic is hit by Guillaume Desbiens and loses puck.
9:28 of 1st period - Wrist shot by Alex Berry.
9:28 of 1st period - Goal by Alex Berry - Inferno : 1 - National : 0.
9:29 of 1st period - Stephane Veilleux wins face-off versus Matt Duchene in neutral zone.
9:34 of 1st period - Wrist shot by Stephane Veilleux.
9:34 of 1st period - Shot Misses the Net.
9:54 of 1st period - Andrej Sekera is hit by William Colbert and loses puck.
9:59 of 1st period - Slapshot by Mikael Backlund.
9:59 of 1st period - Shot Misses the Net.
10:01 of 1st period - Snap shot by Mikael Backlund.
10:01 of 1st period - Shot Hit the Post.
10:03 of 1st period - Wrist shot by Mikael Backlund.
10:03 of 1st period - Shot Misses the Net.
10:39 of 1st period - Snap shot by Magnus Paajarvi-Svensson.
10:39 of 1st period - Stopped by Josh Harding with a rebound.
10:57 of 1st period - Wrist shot by Matt Duchene.
10:57 of 1st period - Shot Misses the Net.
11:41 of 1st period - Wrist shot by Pat Dwyer.
11:41 of 1st period - Stopped by Josh Harding with a rebound.
11:43 of 1st period - Minor Penalty to Brian Boyle for Boarding.
11:44 of 1st period - Matt Duchene wins face-off versus Cal O'Reilly in Inferno zone.
11:51 of 1st period - Snap shot by Guillaume Desbiens.
11:51 of 1st period - Shot Blocked by Travis Hamonic.
11:53 of 1st period - Backhand shot by Rico Fata.
11:53 of 1st period - Stopped by Josh Harding without a rebound.
11:54 of 1st period - Matt Duchene wins face-off versus Cal O'Reilly in Inferno zone.
11:57 of 1st period - Snap shot by Matt Duchene.
11:57 of 1st period - Stopped by Josh Harding with a rebound.
11:59 of 1st period - Slapshot by Dustin Kohn.
11:59 of 1st period - Deflect By Brad Marchand.
11:59 of 1st period - Stopped by Josh Harding with a rebound.
12:01 of 1st period - Snap shot by Rico Fata.
12:01 of 1st period - Stopped by Josh Harding with a rebound.
12:15 of 1st period - Slapshot by Guillaume Desbiens.
12:15 of 1st period - Stopped by Josh Harding with a rebound.
12:17 of 1st period - Slapshot by Dustin Kohn.
12:17 of 1st period - Stopped by Josh Harding without a rebound.
12:18 of 1st period - Mikael Backlund wins face-off versus Cal O'Reilly in Inferno zone.
12:25 of 1st period - Snap shot by Jonathan Cheechoo.
12:25 of 1st period - Stopped by Josh Harding without a rebound.
12:26 of 1st period - Cal O'Reilly wins face-off versus Mikael Backlund in Inferno zone.
12:57 of 1st period - Snap shot by Guillaume Desbiens.
12:57 of 1st period - Deflect By Matt Duchene.
12:57 of 1st period - Stopped by Josh Harding with a rebound.
13:17 of 1st period - Pasi Salonen is hit by Brendan Mikkelson and loses puck.
13:39 of 1st period - Icing by Rico Fata.
13:40 of 1st period - Vladimir Sobotka wins face-off versus Matt Duchene in National zone.
13:43 of 1st period - Penalty to Brian Boyle is over, Brian Boyle is back on ice.
13:45 of 1st period - Snap shot by Brian Boyle.
13:45 of 1st period - Shot Blocked by Rico Fata.
14:57 of 1st period - Icing by Andrej Sekera.
14:58 of 1st period - Colin Wilson wins face-off versus Jonathan Matsumoto in Inferno zone.
15:07 of 1st period - Snap shot by Vladimir Sobotka.
15:07 of 1st period - Shot Blocked by Ivan Vishnevski.
15:09 of 1st period - Wrist shot by Vladimir Sobotka.
15:09 of 1st period - Shot Misses the Net.
15:11 of 1st period - Backhand shot by Vladimir Sobotka.
15:11 of 1st period - Shot Blocked by Johannes Salmonsson.
15:44 of 1st period - Wrist shot by Jonathan Cheechoo.
15:44 of 1st period - Stopped by Josh Harding with a rebound.
16:08 of 1st period - Snap shot by Igor Makarov.
16:08 of 1st period - Deflect By David Desharnais.
16:08 of 1st period - Stopped by Josh Harding with a rebound.
16:12 of 1st period - Wrist shot by David Desharnais.
16:12 of 1st period - Stopped by Josh Harding without a rebound.
16:13 of 1st period - Pavel Vorobiev wins face-off versus Matt Duchene in Inferno zone.
16:45 of 1st period - Wrist shot by Brian Boyle.
16:45 of 1st period - Shot Misses the Net.
17:01 of 1st period - Slapshot by Brian Boyle.
17:01 of 1st period - Stopped by Tyler Plante without a rebound.
17:02 of 1st period - Jonathan Matsumoto wins face-off versus Colin Wilson in National zone.
17:13 of 1st period - Wrist shot by Jonathan Matsumoto.
17:13 of 1st period - Shot Misses the Net.
17:15 of 1st period - Snap shot by Johannes Salmonsson.
17:15 of 1st period - National goal is going for a video replay.
17:15 of 1st period - The goal is good.
17:15 of 1st period - Goal by Johannes Salmonsson - Inferno : 1 - National : 1.
17:16 of 1st period - Matt Duchene wins face-off versus Colin Wilson in neutral zone.
17:21 of 1st period - Wrist shot by Matt Duchene.
17:21 of 1st period - Shot Misses the Net.
17:23 of 1st period - Slapshot by Dustin Kohn.
17:23 of 1st period - Stopped by Josh Harding with a rebound.
17:25 of 1st period - Snap shot by Matt Duchene.
17:25 of 1st period - Shot Misses the Net.
17:27 of 1st period - Slapshot by Rico Fata.
17:27 of 1st period - Goal by Rico Fata - Inferno : 1 - National : 2.
17:28 of 1st period - Colin Wilson wins face-off versus Matt Duchene in neutral zone.
17:30 of 1st period - Minor Penalty to Jonathan Ferland for Hooking.
17:31 of 1st period - Brian Boyle wins face-off versus Matt Duchene in Inferno zone.
19:30 of 1st period - Penalty to Jonathan Ferland is over, Jonathan Ferland is back on ice.
19:55 of 1st period - Slapshot by Dustin Kohn.
19:55 of 1st period - Deflect By Igor Makarov.
19:55 of 1st period - Shot Blocked by Brendan Mikkelson.
19:55 of 1st period - Puck is out of play.
19:56 of 1st period - Colin Wilson wins face-off versus David Desharnais in Inferno zone.
Goals for this period are 1 for Inferno vs 2 for National.
Shots for this period are 6 for Inferno vs 19 for National.

2nd period


0:01 of 2nd period - Matt Duchene wins face-off versus Colin Wilson in neutral zone.
0:05 of 2nd period - Dustin Kohn is hit by Stephane Veilleux and loses puck.
0:59 of 2nd period - David Savard is hit by William Colbert and loses puck.
1:10 of 2nd period - Wrist shot by Matt Kassian.
1:10 of 2nd period - Goal by Matt Kassian - Inferno : 2 - National : 2.
1:11 of 2nd period - Matt Duchene wins face-off versus Colin Wilson in neutral zone.
1:40 of 2nd period - Slapshot by Mikael Backlund.
1:40 of 2nd period - Shot Blocked by Andrej Sekera.
2:00 of 2nd period - Slapshot by Andrej Sekera.
2:00 of 2nd period - Stopped by Tyler Plante with a rebound.
2:02 of 2nd period - Wrist shot by David Ullstrom.
2:02 of 2nd period - Stopped by Tyler Plante with a rebound.
2:04 of 2nd period - Slapshot by Andrej Sekera.
2:04 of 2nd period - Shot Misses the Net.
2:06 of 2nd period - Slapshot by Andrej Sekera.
2:06 of 2nd period - Shot Blocked by Pat Dwyer.
2:16 of 2nd period - Slapshot by Igor Makarov.
2:16 of 2nd period - Shot Blocked by David Savard.
2:18 of 2nd period - Wrist shot by Igor Makarov.
2:18 of 2nd period - Stopped by Josh Harding with a rebound.
2:20 of 2nd period - Wrist shot by Igor Makarov.
2:20 of 2nd period - Shot Blocked by Travis Hamonic.
3:02 of 2nd period - Slapshot by Vladimir Sobotka.
3:02 of 2nd period - Stopped by Tyler Plante without a rebound.
3:03 of 2nd period - Vladimir Sobotka wins face-off versus Mikael Backlund in National zone.
3:28 of 2nd period - Mark Mitera is hit by Dustin Kohn and loses puck.
3:33 of 2nd period - Snap shot by Johannes Salmonsson.
3:33 of 2nd period - Stopped by Josh Harding with a rebound.
3:35 of 2nd period - Wrist shot by Jonathan Matsumoto.
3:35 of 2nd period - Shot Blocked by Mark Mitera.
3:37 of 2nd period - Slapshot by Johannes Salmonsson.
3:37 of 2nd period - Shot Blocked by Vladimir Sobotka.
3:39 of 2nd period - Snap shot by Johannes Salmonsson.
3:39 of 2nd period - Stopped by Josh Harding without a rebound.
3:40 of 2nd period - Matt Duchene wins face-off versus Colin Wilson in Inferno zone.
4:05 of 2nd period - Snap shot by Matt Duchene.
4:05 of 2nd period - Deflect By Brian Boyle.
4:05 of 2nd period - Shot Hit the Post.
4:05 of 2nd period - Puck is out of play.
4:06 of 2nd period - Mikael Backlund wins face-off versus David Ullstrom in Inferno zone.
4:13 of 2nd period - Snap shot by Mikael Backlund.
4:13 of 2nd period - Deflect By Pasi Salonen.
4:13 of 2nd period - Shot Blocked by Yannick Weber.
4:13 of 2nd period - Yannick Weber from Inferno is injured at 4:13 of 2nd period (Back).
4:14 of 2nd period - Colin Wilson wins face-off versus Matt Duchene in Inferno zone.
5:02 of 2nd period - Off-side.
5:03 of 2nd period - Brian Boyle wins face-off versus Jonathan Matsumoto in neutral zone.
5:22 of 2nd period - Snap shot by Jonathan Matsumoto.
5:22 of 2nd period - Shot Blocked by Brian Boyle.
5:24 of 2nd period - Snap shot by Ty Wishart.
5:24 of 2nd period - Shot Blocked by Andrej Sekera.
6:24 of 2nd period - David Ullstrom is hit by Ty Wishart and loses puck.
6:43 of 2nd period - Wrist shot by Jonathan Matsumoto.
6:43 of 2nd period - Stopped by Josh Harding with a rebound.
6:45 of 2nd period - Slapshot by Pat Dwyer.
6:45 of 2nd period - Shot Misses the Net.
6:53 of 2nd period - Slapshot by Jonathan Matsumoto.
6:53 of 2nd period - Deflect By Johannes Salmonsson.
6:53 of 2nd period - Shot Blocked by David Ullstrom.
6:53 of 2nd period - Puck is out of play.
6:54 of 2nd period - Colin Wilson wins face-off versus Matt Duchene in Inferno zone.
6:59 of 2nd period - Wrist shot by Guillaume Desbiens.
6:59 of 2nd period - Shot Misses the Net.
7:01 of 2nd period - Wrist shot by Rico Fata.
7:01 of 2nd period - Stopped by Josh Harding with a rebound.
7:03 of 2nd period - Snap shot by Guillaume Desbiens.
7:03 of 2nd period - Stopped by Josh Harding without a rebound.
7:04 of 2nd period - Matt Duchene wins face-off versus Colin Wilson in Inferno zone.
7:15 of 2nd period - Snap shot by Matt Duchene.
7:15 of 2nd period - Shot Misses the Net.
7:17 of 2nd period - Backhand shot by Rico Fata.
7:17 of 2nd period - Stopped by Josh Harding with a rebound.
7:19 of 2nd period - Slapshot by Dustin Kohn.
7:19 of 2nd period - Shot Blocked by Jonathan Ferland.
7:21 of 2nd period - Snap shot by Matt Duchene.
7:21 of 2nd period - Shot Misses the Net.
7:37 of 2nd period - Snap shot by Guillaume Desbiens.
7:37 of 2nd period - Goal by Guillaume Desbiens - Inferno : 2 - National : 3.
7:38 of 2nd period - Mikael Backlund wins face-off versus Vladimir Sobotka in neutral zone.
7:42 of 2nd period - Off-side.
7:43 of 2nd period - Mikael Backlund wins face-off versus Vladimir Sobotka in neutral zone.
8:40 of 2nd period - Wrist shot by Alex Berry.
8:40 of 2nd period - Stopped by Tyler Plante with a rebound.
9:02 of 2nd period - Wrist shot by Pat Dwyer.
9:02 of 2nd period - Shot Misses the Net.
9:34 of 2nd period - Matt Duchene is hit by Andrej Sekera and loses puck.
10:41 of 2nd period - Snap shot by Stephane Veilleux.
10:41 of 2nd period - Shot Misses the Net.
10:43 of 2nd period - Wrist shot by Jonathan Ferland.
10:43 of 2nd period - Goal by Jonathan Ferland - Inferno : 3 - National : 3.
10:44 of 2nd period - Vladimir Sobotka wins face-off versus Matt Duchene in neutral zone.
10:46 of 2nd period - Pavel Vorobiev is hit by Matt Duchene and loses puck.
10:59 of 2nd period - Minor Penalty to Brad Marchand for Tripping.
11:00 of 2nd period - Matt Duchene wins face-off versus Brian Boyle in Inferno zone.
11:16 of 2nd period - Slapshot by Matt Duchene.
11:16 of 2nd period - Shot Misses the Net.
11:32 of 2nd period - Stephane Veilleux is hit by Pasi Salonen and loses puck.
12:09 of 2nd period - Stephane Veilleux is hit by Guillaume Desbiens and loses puck.
12:59 of 2nd period - Penalty to Brad Marchand is over, Brad Marchand is back on ice.
13:07 of 2nd period - Snap shot by Colin Wilson.
13:07 of 2nd period - Shot Misses the Net.
13:09 of 2nd period - Snap shot by Brad Marchand.
13:09 of 2nd period - Stopped by Tyler Plante with a rebound.
13:19 of 2nd period - Snap shot by Colin Wilson.
13:19 of 2nd period - Shot Misses the Net.
13:21 of 2nd period - Snap shot by Brad Marchand.
13:21 of 2nd period - Shot Misses the Net.
13:23 of 2nd period - Wrist shot by Matt Kassian.
13:23 of 2nd period - Stopped by Tyler Plante without a rebound.
13:24 of 2nd period - Vladimir Sobotka wins face-off versus Jonathan Matsumoto in National zone.
13:25 of 2nd period - Snap shot by Brad Marchand.
13:25 of 2nd period - Shot Blocked by Pat Dwyer.
13:56 of 2nd period - Slapshot by Andrej Sekera.
13:56 of 2nd period - Shot Blocked by Pasi Salonen.
13:58 of 2nd period - Slapshot by Andrej Sekera.
13:58 of 2nd period - Deflect By Brian Boyle.
13:58 of 2nd period - Shot Blocked by Erik Gustafsson.
13:58 of 2nd period - Puck is out of play.
13:59 of 2nd period - David Desharnais wins face-off versus Colin Wilson in National zone.
14:07 of 2nd period - Minor Penalty to Magnus Paajarvi-Svensson for Slashing.
14:08 of 2nd period - Colin Wilson wins face-off versus Matt Duchene in National zone.
14:09 of 2nd period - Snap shot by Brad Marchand.
14:09 of 2nd period - Stopped by Tyler Plante with a rebound.
14:33 of 2nd period - Dustin Kohn is hit by Stephane Veilleux and loses puck.
14:44 of 2nd period - Matt Duchene is hit by Vladimir Sobotka and loses puck.
15:01 of 2nd period - Denis Bodrov is hit by David Savard and loses puck.
16:07 of 2nd period - Penalty to Magnus Paajarvi-Svensson is over, Magnus Paajarvi-Svensson is back on ice.
16:28 of 2nd period - Icing by Ivan Vishnevski.
16:29 of 2nd period - Cal O'Reilly wins face-off versus Mikael Backlund in National zone.
17:02 of 2nd period - Slapshot by Dustin Kohn.
17:02 of 2nd period - Stopped by Josh Harding with a rebound.
17:04 of 2nd period - Snap shot by Dustin Kohn.
17:04 of 2nd period - Stopped by Josh Harding without a rebound.
17:05 of 2nd period - Colin Wilson wins face-off versus David Desharnais in Inferno zone.
17:20 of 2nd period - Snap shot by Stephane Veilleux.
17:20 of 2nd period - Shot Misses the Net.
17:30 of 2nd period - Matt Duchene is hit by Pavel Vorobiev and loses puck.
17:53 of 2nd period - Slapshot by Jonathan Cheechoo.
17:53 of 2nd period - Shot Blocked by David Savard.
17:55 of 2nd period - Wrist shot by Jonathan Cheechoo.
17:55 of 2nd period - Stopped by Josh Harding with a rebound.
18:13 of 2nd period - Jonathan Matsumoto is hit by Colin Wilson and loses puck.
18:32 of 2nd period - William Colbert is hit by Andrej Sekera and loses puck.
18:52 of 2nd period - Icing by Brad Marchand.
18:53 of 2nd period - Vladimir Sobotka wins face-off versus Matt Duchene in Inferno zone.
18:58 of 2nd period - Slapshot by Guillaume Desbiens.
18:58 of 2nd period - Stopped by Josh Harding with a rebound.
19:00 of 2nd period - Snap shot by Guillaume Desbiens.
19:00 of 2nd period - Stopped by Josh Harding with a rebound.
19:02 of 2nd period - Slapshot by William Colbert.
19:02 of 2nd period - Shot Blocked by Brad Marchand.
19:04 of 2nd period - Wrist shot by Rico Fata.
19:04 of 2nd period - Stopped by Josh Harding with a rebound.
19:06 of 2nd period - Snap shot by Guillaume Desbiens.
19:06 of 2nd period - Stopped by Josh Harding with a rebound.
19:20 of 2nd period - Snap shot by Brad Marchand.
19:20 of 2nd period - Stopped by Tyler Plante with a rebound.
19:22 of 2nd period - Wrist shot by Jonathan Ferland.
19:22 of 2nd period - Stopped by Tyler Plante with a rebound.
19:44 of 2nd period - Wrist shot by Matt Kassian.
19:44 of 2nd period - Stopped by Tyler Plante with a rebound.
19:46 of 2nd period - Slapshot by Matt Kassian.
19:46 of 2nd period - Shot Misses the Net.
Goals for this period are 2 for Inferno vs 1 for National.
Shots for this period are 12 for Inferno vs 15 for National.

3rd period


0:01 of 3rd period - Colin Wilson wins face-off versus Matt Duchene in neutral zone.
0:52 of 3rd period - Snap shot by Pat Dwyer.
0:52 of 3rd period - Stopped by Josh Harding with a rebound.
1:20 of 3rd period - Snap shot by Magnus Paajarvi-Svensson.
1:20 of 3rd period - Shot Misses the Net.
1:45 of 3rd period - Snap shot by Brian Boyle.
1:45 of 3rd period - Shot Misses the Net.
1:47 of 3rd period - Slapshot by Brendan Mikkelson.
1:47 of 3rd period - Shot Misses the Net.
1:49 of 3rd period - Slapshot by Brendan Mikkelson.
1:49 of 3rd period - Stopped by Tyler Plante without a rebound.
1:50 of 3rd period - Colin Wilson wins face-off versus Mikael Backlund in National zone.
2:03 of 3rd period - Wrist shot by Mikael Backlund.
2:03 of 3rd period - Shot Misses the Net.
2:05 of 3rd period - Backhand shot by Jonathan Cheechoo.
2:05 of 3rd period - Shot Misses the Net.
2:19 of 3rd period - Ty Wishart is hit by Vladimir Sobotka and loses puck.
3:00 of 3rd period - Dustin Kohn is hit by Stephane Veilleux and loses puck.
3:24 of 3rd period - Jonathan Cheechoo is hit by Brendan Mikkelson and loses puck.
3:41 of 3rd period - Slapshot by Guillaume Desbiens.
3:41 of 3rd period - Shot Misses the Net.
3:43 of 3rd period - Snap shot by Guillaume Desbiens.
3:43 of 3rd period - National goal is going for a video replay.
3:43 of 3rd period - The goal is good.
3:43 of 3rd period - Goal by Guillaume Desbiens - Inferno : 3 - National : 4.
3:44 of 3rd period - Colin Wilson wins face-off versus Matt Duchene in neutral zone.
3:46 of 3rd period - Off-side.
3:47 of 3rd period - Matt Duchene wins face-off versus Jonathan Ferland in neutral zone.
3:50 of 3rd period - Stephane Veilleux is hit by Matt Duchene and loses puck.
4:03 of 3rd period - Wrist shot by Stephane Veilleux.
4:03 of 3rd period - Stopped by Tyler Plante without a rebound.
4:04 of 3rd period - Mikael Backlund wins face-off versus Vladimir Sobotka in National zone.
4:29 of 3rd period - Travis Hamonic is hit by Guillaume Desbiens and loses puck.
4:37 of 3rd period - Icing by Colin Wilson.
4:38 of 3rd period - Matt Duchene wins face-off versus Colin Wilson in Inferno zone.
5:05 of 3rd period - Snap shot by Jonathan Ferland.
5:05 of 3rd period - Deflect By Stephane Veilleux.
5:05 of 3rd period - Goal by Stephane Veilleux - Inferno : 4 - National : 4.
5:06 of 3rd period - Matt Duchene wins face-off versus Colin Wilson in neutral zone.
5:36 of 3rd period - Snap shot by Brad Marchand.
5:36 of 3rd period - Goal by Brad Marchand - Inferno : 5 - National : 4.
5:37 of 3rd period - Matt Duchene wins face-off versus Colin Wilson in neutral zone.
5:46 of 3rd period - Wrist shot by Guillaume Desbiens.
5:46 of 3rd period - Shot Blocked by Andrej Sekera.
6:28 of 3rd period - Brian Boyle is hit by Johannes Salmonsson.
6:48 of 3rd period - Wrist shot by David Desharnais.
6:48 of 3rd period - Shot Misses the Net.
6:50 of 3rd period - Slapshot by Erik Gustafsson.
6:50 of 3rd period - Stopped by Josh Harding without a rebound.
6:51 of 3rd period - Matt Duchene wins face-off versus Colin Wilson in Inferno zone.
6:54 of 3rd period - Wrist shot by Guillaume Desbiens.
6:54 of 3rd period - Stopped by Josh Harding with a rebound.
7:00 of 3rd period - Slapshot by Andrej Sekera.
7:00 of 3rd period - Deflect By Jonathan Ferland.
7:00 of 3rd period - Stopped by Tyler Plante without a rebound.
7:01 of 3rd period - Matt Duchene wins face-off versus Colin Wilson in National zone.
7:15 of 3rd period - Slapshot by Andrej Sekera.
7:15 of 3rd period - Stopped by Tyler Plante with a rebound.
7:17 of 3rd period - Wrist shot by Jonathan Ferland.
7:17 of 3rd period - Shot Misses the Net.
7:23 of 3rd period - Wrist shot by Colin Wilson.
7:23 of 3rd period - Stopped by Tyler Plante without a rebound.
7:24 of 3rd period - Vladimir Sobotka wins face-off versus Mikael Backlund in National zone.
7:51 of 3rd period - Denis Bodrov is hit by Stephane Veilleux and loses puck.
8:17 of 3rd period - Off-side.
8:18 of 3rd period - Vladimir Sobotka wins face-off versus Matt Duchene in neutral zone.
8:27 of 3rd period - Wrist shot by Vladimir Sobotka.
8:27 of 3rd period - Shot Blocked by Guillaume Desbiens.
8:55 of 3rd period - Slapshot by Jonathan Ferland.
8:55 of 3rd period - Stopped by Tyler Plante without a rebound.
8:56 of 3rd period - Guillaume Desbiens wins face-off versus Brian Boyle in National zone.
8:56 of 3rd period - Matt Duchene is hit by Brian Boyle and loses puck.
9:05 of 3rd period - Wrist shot by David Ullstrom.
9:05 of 3rd period - Shot Misses the Net.
9:07 of 3rd period - Snap shot by Travis Hamonic.
9:07 of 3rd period - Shot Misses the Net.
9:09 of 3rd period - Slapshot by David Savard.
9:09 of 3rd period - Stopped by Tyler Plante without a rebound.
9:10 of 3rd period - Mikael Backlund wins face-off versus Colin Wilson in National zone.
9:10 of 3rd period - Mikael Backlund is hit by Stephane Veilleux.
10:20 of 3rd period - Snap shot by Magnus Paajarvi-Svensson.
10:20 of 3rd period - Shot Misses the Net.
11:20 of 3rd period - Erik Gustafsson is hit by David Ullstrom and loses puck.
11:27 of 3rd period - Snap shot by Brian Boyle.
11:27 of 3rd period - Shot Misses the Net.
11:29 of 3rd period - Slapshot by Andrej Sekera.
11:29 of 3rd period - Stopped by Tyler Plante without a rebound.
11:30 of 3rd period - Colin Wilson wins face-off versus Matt Duchene in National zone.
11:55 of 3rd period - Brendan Mikkelson is hit by Jonathan Cheechoo and loses puck.
12:43 of 3rd period - Dustin Kohn is hit by David Savard and loses puck.
12:46 of 3rd period - Slapshot by Dustin Kohn.
12:46 of 3rd period - Stopped by Josh Harding with a rebound.
12:48 of 3rd period - Wrist shot by Igor Makarov.
12:48 of 3rd period - Shot Misses the Net.
12:50 of 3rd period - Snap shot by Igor Makarov.
12:50 of 3rd period - Shot Misses the Net.
12:57 of 3rd period - Icing by Travis Hamonic.
12:58 of 3rd period - Matt Kassian wins face-off versus Matt Duchene in Inferno zone.
12:58 of 3rd period - Matt Kassian is hit by Rico Fata.
13:24 of 3rd period - Vladimir Sobotka is hit by Mikael Backlund and loses puck.
13:46 of 3rd period - Jonathan Matsumoto is hit by David Ullstrom and loses puck.
14:05 of 3rd period - Brendan Mikkelson is hit by David Desharnais and loses puck.
14:14 of 3rd period - Andrej Sekera is hit by David Desharnais and loses puck.
14:50 of 3rd period - Snap shot by Pasi Salonen.
14:50 of 3rd period - Stopped by Josh Harding with a rebound.
14:52 of 3rd period - Slapshot by William Colbert.
14:52 of 3rd period - Deflect By Brad Marchand.
14:52 of 3rd period - Goal by William Colbert - Inferno : 5 - National : 5.
14:53 of 3rd period - Matt Duchene wins face-off versus Colin Wilson in neutral zone.
15:09 of 3rd period - Minor Penalty to Stephane Veilleux for Hooking.
15:10 of 3rd period - Brian Boyle wins face-off versus Matt Duchene in Inferno zone.
16:27 of 3rd period - Minor Penalty to Denis Bodrov for Hooking.
16:28 of 3rd period - Colin Wilson wins face-off versus Matt Duchene in National zone.
16:31 of 3rd period - Wrist shot by Colin Wilson.
16:31 of 3rd period - Deflect By Brad Marchand.
16:31 of 3rd period - Shot Blocked by William Colbert.
16:31 of 3rd period - Puck is out of play.
16:32 of 3rd period - Matt Duchene wins face-off versus Colin Wilson in National zone.
16:59 of 3rd period - Matt Duchene is hit by Brad Marchand and loses puck.
17:09 of 3rd period - Penalty to Stephane Veilleux is over, Stephane Veilleux is back on ice.
18:02 of 3rd period - Slapshot by Brian Boyle.
18:02 of 3rd period - Shot Misses the Net.
18:04 of 3rd period - Backhand shot by David Savard.
18:04 of 3rd period - Deflect By Jonathan Cheechoo.
18:04 of 3rd period - Stopped by Tyler Plante with a rebound.
18:06 of 3rd period - Slapshot by Travis Hamonic.
18:06 of 3rd period - Shot Misses the Net.
18:10 of 3rd period - Wrist shot by Stephane Veilleux.
18:10 of 3rd period - Goal by Stephane Veilleux - Inferno : 6 - National : 5.
18:11 of 3rd period - Jonathan Matsumoto wins face-off versus Vladimir Sobotka in neutral zone.
18:14 of 3rd period - Vladimir Sobotka is hit by Jonathan Matsumoto and loses puck.
18:33 of 3rd period - Minor Penalty to Denis Bodrov for Hooking.
18:34 of 3rd period - Matt Duchene wins face-off versus Colin Wilson in National zone.
19:03 of 3rd period - Slapshot by Vladimir Sobotka.
19:03 of 3rd period - Shot Misses the Net.
19:05 of 3rd period - Snap shot by Vladimir Sobotka.
19:05 of 3rd period - Stopped by Tyler Plante with a rebound.
19:07 of 3rd period - Slapshot by Stephane Veilleux.
19:07 of 3rd period - Shot Misses the Net.
19:09 of 3rd period - Snap shot by Andrej Sekera.
19:09 of 3rd period - Shot Blocked by William Colbert.
19:19 of 3rd period - Snap shot by Mikael Backlund.
19:19 of 3rd period - Shot Misses the Net.
19:27 of 3rd period - Snap shot by Jonathan Cheechoo.
19:27 of 3rd period - Shot Blocked by David Savard.
19:31 of 3rd period - Snap shot by Mikael Backlund.
19:31 of 3rd period - Stopped by Josh Harding without a rebound.
19:32 of 3rd period - Glen Gulutzan call a timeout for National.
19:32 of 3rd period - Matt Duchene wins face-off versus Colin Wilson in Inferno zone.
19:35 of 3rd period - Snap shot by Pasi Salonen.
19:35 of 3rd period - Stopped by Josh Harding with a rebound.
Goals for this period are 3 for Inferno vs 2 for National.
Shots for this period are 13 for Inferno vs 9 for National.


Output by the SimonT Hockey Simulator (STHS) for François Prévost -- Original Page W3C XHTML 1.0 Valid
Hockey Simulator - Hockey Simulation - Hockey Manager